 Dungeon Crawl Stone Soup version 0.26.1-11-gd32895ea62 (webtiles) character file.

Game seed: 6866219755952393713

1386 DogServant the Stinger (level 8, 0/58 HPs)
             Began as a Gnoll Venom Mage on Apr 29, 2021.
             Succumbed to a water moccasin's poison
             ... on level 8 of the Dungeon.
             The game lasted 00:24:35 (6688 turns).

DogServant the Stinger (Gnoll Venom Mage)           Turns: 6688, Time: 00:24:35

Health: 0/58       AC: 11    Str: 12    XL:     8   Next: 67%
Magic:  17/17      EV: 15    Int: 19    God:
Gold:   336        SH:  0    Dex: 15    Spells: 6/19 levels left

rFire    . . .     SeeInvis .   v - +2 falchion (vorpal)
rCold    . . .     Faith    .   (no shield)
rNeg     . . .     Spirit   .   g - +0 leather armour
rPois    .         Reflect  .   x - +0 helmet
rElec    .         Harm     .   w - +1 cloak
rCorr    +         Rampage  .   b - +1 pair of gloves
Will     +....                  h - +1 pair of boots
Stlth    +++.......             m - amulet of magic regeneration
HPRegen  0.19/turn              n - ring of resist corrosion
MPRegen  0.40/turn              f - ring of willpower

@: lethally poisoned (0 -> -19), attractive
A: distributed training, fangs 1, strong nose
a: no special abilities


You were on level 8 of the Dungeon.
You visited 1 branch of the dungeon, and saw 8 of its levels.

You collected 336 gold pieces.

Inventory:

Hand Weapons
 v - a +2 vorpal falchion (weapon)
Armour
 b - a +1 pair of gloves (worn)
 e - a +2 chain mail of poison resistance
 g - a +0 leather armour (worn)
 h - a +1 pair of boots (worn)
 t - a +0 chain mail of fire resistance
 w - a +1 cloak (worn)
 x - a +0 helmet (worn)
Jewellery
 f - a ring of willpower (right hand)
 m - an amulet of magic regeneration (around neck)
 n - a ring of resist corrosion (left hand)
 q - a +6 ring of dexterity {unknown}
Wands
 l - a wand of polymorph (6)
 y - a wand of random effects (25)
Scrolls
 j - a scroll of fog
 r - 3 scrolls of immolation
 s - a scroll of remove curse
 D - 2 scrolls of enchant armour
Potions
 c - a potion of magic
 i - a potion of brilliance
 k - a potion of invisibility
 p - 2 potions of lignification
 z - a potion of flight {unknown}
 B - 2 potions of haste {unknown}
 C - a potion of mutation {unknown}


   Skills:
 + Level 3.4 Fighting
 + Level 3.4 Short Blades
 + Level 3.4 Long Blades
 + Level 3.4 Axes
 + Level 3.4 Maces & Flails
 + Level 3.4 Polearms
 + Level 3.4 Staves
 + Level 3.4 Slings
 + Level 3.4 Bows
 + Level 3.4 Crossbows
 + Level 3.4 Throwing
 + Level 3.4 Armour
 + Level 5.8 Dodging
 + Level 5.5 Stealth
 + Level 3.4 Shields
 + Level 3.4 Unarmed Combat
 + Level 6.1 Spellcasting
 + Level 2.8 Conjurations
 + Level 2.8 Hexes
 + Level 2.8 Summonings
 + Level 2.8 Necromancy
 + Level 2.8 Translocations
 + Level 3.6 Transmutations
 + Level 2.8 Fire Magic
 + Level 2.8 Ice Magic
 + Level 2.8 Air Magic
 + Level 2.8 Earth Magic
 + Level 6.2 Poison Magic
 + Level 3.8 Invocations
 + Level 3.4 Evocations


You had 6 spell levels left.
You knew the following spells:

 Your Spells              Type           Power        Failure   Level
a - Sting                 Tmut/Pois      96%          1%          1
b - Poisonous Vapours     Pois/Air       46%          3%          2
c - Ignite Poison         Fire/Tmut/Pois 21%          8%          3
d - Olgreb's Toxic Radia  Pois           29%          11%         4
e - Mephitic Cloud        Conj/Pois/Air  21%          9%          3

Your spell library contained the following spells:

 Spells                   Type           Power        Failure   Level
 Magic Dart               Conj           64%          4%          1
 Searing Ray              Conj           32%          7%          2
 Dazzling Flash           Conj/Hex       32%          13%         3
 Fulminant Prism          Conj/Hex       8%           41%         4
 Iskenderun's Mystic Bla  Conj/Tloc      16%          41%         4


Dungeon Overview and Level Annotations

Branches:
Dungeon (8/15)
 Temple: D:4-7         Lair: D:8-11

Altars:
Dithmenos
Elyvilon
Fedhas
Trog
Vehumet
The Shining One

Annotations:
D:4 Grinder
D:6 Maggie
D:8 Harold


Innate Abilities, Weirdness & Mutations

Your experience applies equally to all skills.
You have very sharp teeth.
Your uncanny sense of smell can sniff out nearby items.


Message History

You feel very mighty all of a sudden.
* * * LOW HITPOINT WARNING * * *
You feel sick.
The worker ant zombie bites you but does no damage.
It was a potion of attraction.
You feel attractive to monsters.
* * * LOW HITPOINT WARNING * * *
You feel sick.
The worker ant zombie bites you but does no damage.
The sky beast is pulled toward you! The ufetubus is pulled toward you!
It was a potion of cancellation.
Your magical effects are unravelling.
You feel magically purged.
You feel less wooden.
Your +1 cloak unmelds from your body.
Your +0 helmet unmelds from your body.
Your +1 pair of gloves unmelds from your body.
Your +1 pair of boots unmelds from your body.
Your +0 leather armour unmelds from your body.
You feel a little less mighty now.
You die...

## . .###
..######...####
...............
#.............$
...............
#.....ZY.......
#......@h......
#........5.....
#..............
...............
###.....#......
#?..###.....$
###. ...... #.
...... ..###
.....


You could see a sky beast (asleep), a hound, an ufetubus and a worker ant
zombie.

Vanquished Creatures
  Prince Ribbit (D:6)
  Eustachio (D:4)
  Duvessa (D:4)
  An ogre (D:4)
  An ice beast (D:5)
  A centaur (D:8)
  Dowan (D:3)
  2 scorpions (D:5)
  2 centaur zombies
  2 orc priests (D:4)
  2 hounds
  A bullfrog skeleton (D:5)
  2 worker ants (D:5)
  3 orc wizards
  A hound skeleton (D:4)
  6 adders
  A white imp (D:6)
  2 ufetubi
  2 oozes
  An adder zombie (D:5)
  An adder skeleton (D:5)
  6 worms
  A dart slug (D:1)
  3 leopard geckos
  9 orcs
  5 giant cockroaches
  8 goblins
  11 hobgoblins
  8 jackals
  2 quokkas
  A ball python (D:5)
  14 bats
  4 frilled lizards
  13 kobolds
  10 rats
130 creatures vanquished.

Vanquished Creatures (others)
  3 plants (D:1)
3 creatures vanquished.

Grand Total: 133 creatures vanquished

Notes
Turn   | Place    | Note
-------+----------+-------------------------------------------
     0 | D:1      | DogServant the Gnoll Venom Mage began the quest for the
                  | Orb.
     0 | D:1      | Reached XP level 1. HP: 13/13 MP: 6/6
   167 | D:1      | Reached XP level 2. HP: 19/19 MP: 7/7
   604 | D:1      | Learned a level 2 spell: Poisonous Vapours
   677 | D:1      | Reached XP level 3. HP: 25/25 MP: 9/9
   705 | D:1      | Reached skill level 5 in Spellcasting
  1135 | D:2      | Reached skill level 1 in Invocations
  1518 | D:2      | Reached skill level 1 in Fighting
  1518 | D:2      | Reached skill level 1 in Short Blades
  1518 | D:2      | Reached skill level 1 in Long Blades
  1518 | D:2      | Reached skill level 1 in Axes
  1518 | D:2      | Reached skill level 1 in Maces & Flails
  1518 | D:2      | Reached skill level 1 in Polearms
  1518 | D:2      | Reached skill level 1 in Staves
  1518 | D:2      | Reached skill level 1 in Slings
  1518 | D:2      | Reached skill level 1 in Bows
  1518 | D:2      | Reached skill level 1 in Crossbows
  1518 | D:2      | Reached skill level 1 in Throwing
  1518 | D:2      | Reached skill level 1 in Armour
  1518 | D:2      | Reached skill level 1 in Shields
  1518 | D:2      | Reached skill level 1 in Unarmed Combat
  1518 | D:2      | Reached skill level 1 in Evocations
  1559 | D:2      | Reached XP level 4. HP: 32/32 MP: 8/11
  1794 | D:2      | Learned a level 3 spell: Ignite Poison
  1799 | D:2      | Learned a level 4 spell: Olgreb's Toxic Radiance
  1803 | D:2      | Learned a level 3 spell: Mephitic Cloud
  2097 | D:2      | Reached skill level 1 in Conjurations
  2097 | D:2      | Reached skill level 1 in Hexes
  2097 | D:2      | Reached skill level 1 in Summonings
  2097 | D:2      | Reached skill level 1 in Necromancy
  2097 | D:2      | Reached skill level 1 in Translocations
  2097 | D:2      | Reached skill level 1 in Fire Magic
  2097 | D:2      | Reached skill level 1 in Ice Magic
  2097 | D:2      | Reached skill level 1 in Air Magic
  2097 | D:2      | Reached skill level 1 in Earth Magic
  2957 | D:3      | Reached XP level 5. HP: 33/37 MP: 3/12
  4020 | D:4      | Found a blossoming altar of Fedhas.
  4020 | D:4      | Found a glowing golden altar of the Shining One.
  4020 | D:4      | Found a white marble altar of Elyvilon.
  4020 | D:4      | Found a radiant altar of Vehumet.
  4020 | D:4      | Found a bloodstained altar of Trog.
  4023 | D:4      | Reached XP level 6. HP: 41/44 MP: 5/14
  4109 | D:4      | Noticed Eustachio
  4151 | D:4      | Reached skill level 5 in Dodging
  4217 | D:4      | Noticed Duvessa
  4223 | D:4      | Noticed Dowan
  4224 | D:4      | Killed Duvessa
  4247 | D:3      | Killed Dowan
  4248 | D:3      | Reached XP level 7. HP: 29/50 MP: 1/15
  4421 | D:4      | Killed Eustachio
  4581 | D:4      | Reached skill level 5 in Stealth
  4736 | D:4      | Noticed Grinder
  4860 | D:5      | Entered Level 5 of the Dungeon
  5340 | D:5      | Reached XP level 8. HP: 57/57 MP: 16/16
  5957 | D:6      | Found a shadowy altar of Dithmenos.
  6027 | D:6      | Noticed Maggie
  6204 | D:6      | Noticed Prince Ribbit
  6212 | D:6      | Killed Prince Ribbit
  6603 | D:7      | Noticed a wraith
  6619 | D:8      | Noticed Harold
  6687 | D:8      | HP: 3/87 [poisoned by a water moccasin]
  6688 | D:8      | Succumbed to a water moccasin's poison

Illustrated notes

Levels and vault maps discovered:
D:1:      onia_arrival_pentagram, layout_rooms, serial_curves, eino_curves_03,
          eino_curves_04, eino_curves_03, eino_curves_04, chequers_big_river
D:2:      layout_basic, minmay_quadrilaterals
D:3:      layout_basic, st_stairs_1
D:4:      layout_rooms, grunt_temple_overflow_open, uniq_eustachio,
          uniq_duvessa, uniq_blork_the_orc, uniq_grinder
D:5:      layout_loops_corners
D:6:      layout_loops_cross, lemuel_altar_in_water, uniq_maggie,
          uniq_prince_ribbit1
D:7:      layout_basic, minmay_temple_entry_grid, wad_floor_pattern_2,
          led_sif_book, uniq_joseph
D:8:      layout_rooms, nicolae_qazlal_style_of_elements, uniq_harold

Skill      XL: |  1  2  3  4  5  6  7  8 |
---------------+-------------------------+-----
Transmutations | 2 3 |  3.6
Spellcasting   | 5 6 |  6.1
Invocations    | 1 2 3 |  3.8
Fighting       | 1 2 3 |  3.4
Short Blades   | 1 2 3 |  3.4
Long Blades    | 1 2 3 |  3.4
Axes           | 1 2 3 |  3.4
Maces & Flails | 1 2 3 |  3.4
Polearms       | 1 2 3 |  3.4
Staves         | 1 2 3 |  3.4
Slings         | 1 2 3 |  3.4
Bows           | 1 2 3 |  3.4
Crossbows      | 1 2 3 |  3.4
Throwing       | 1 2 3 |  3.4
Armour         | 1 2 3 |  3.4
Shields        | 1 2 3 |  3.4
Unarmed Combat | 1 2 3 |  3.4
Evocations     | 1 2 3 |  3.4
Conjurations   | 1 2 |  2.8
Hexes          | 1 2 |  2.8
Summonings     | 1 2 |  2.8
Necromancy     | 1 2 |  2.8
Translocations | 1 2 |  2.8
Fire Magic     | 1 2 |  2.8
Ice Magic      | 1 2 |  2.8
Air Magic      | 1 2 |  2.8
Earth Magic    | 1 2 |  2.8
Dodging        | 5 |  5.8
Stealth        | 5 |  5.5
Poison Magic   | 6 |  6.2

Action                   |  1- 3 |  4- 6 |  7- 9 || total
-------------------------+-------+-------+-------++-------
Melee: Dagger            |    38 |    13 |       ||    51
       Unarmed           |     1 |       |       ||     1
       Bite              |     4 |    10 |    14 ||    28
       Falchion          |       |    44 |    85 ||   129
       Punch             |       |       |     3 ||     3
 Cast: Sting             |    45 |    20 |     3 ||    68
       Poisonous Vapours |     7 |    32 |    29 ||    68
       Ignite Poison     |       |     8 |     5 ||    13
       Olgreb's Toxic Ra |       |     2 |     1 ||     3
       Mephitic Cloud    |       |       |     3 ||     3
  Use: Scroll            |       |     3 |    12 ||    15
       Potion            |       |     1 |     5 ||     6
 Stab: Sleeping          |     5 |     5 |     4 ||    14
Armor: Robe              |    15 |    21 |     4 ||    40
       Leather armour    |       |       |    20 ||    20
       Skin              |       |       |     2 ||     2
Dodge: Dodged            |    32 |    56 |    78 ||   166
       Rpst.: Falchion   |       |    20 |    30 ||    50
